 Dungeon Crawl Stone Soup version 0.24.0-41-g2ae2f7f1be (webtiles) character file.

Game seed: 12002434832310559689, levelgen mode: deterministic

978 Delamore the Cleaver (level 8, -7/64 HPs)
             Began as a Hill Orc Fighter on Dec 14, 2019.
             Was an Initiate of Okawaru.
             Mangled by an ogre
             ... wielding a +0 giant club
              (11 damage)
             ... on level 5 of the Dungeon.
             The game lasted 00:05:01 (5235 turns).

Delamore the Cleaver (Hill Orc Fighter)             Turns: 5235, Time: 00:05:01

Health: -7/64      AC:  8    Str: 21    XL:     8   Next: 17%
Magic:  8/8        EV:  7    Int: 11    God:    Okawaru [......]
Gold:   146        SH:  9    Dex: 10    Spells: 7/7 levels left

rFire    . . .     SeeInvis .   a - +0 war axe
rCold    . . .     Gourm    .   c - +0 shield
rNeg     . . .     Faith    .   b - +0 scale mail
rPois    .         Spirit   .   g - +0 helmet
rElec    .         Reflect  .   (no cloak)
rCorr    .         Harm     .   (no gloves)
MR       .....                  (no boots)
Stlth    +.........             (no amulet)
HPRegen  0.20/turn              v - ring of stealth
MPRegen  0.11/turn              u - -2 ring of intelligence (curse)

@: brilliant
A: no striking features
a: Renounce Religion


You were on level 5 of the Dungeon.
You worshipped Okawaru.
Okawaru was noncommittal.
You were very hungry.

You visited 2 branches of the dungeon, and saw 6 of its levels.

You collected 146 gold pieces.

Inventory:

Hand Weapons
 a - a +0 war axe (weapon)
Missiles
 s - 16 poisoned darts (quivered)
Armour
 b - a +0 scale mail (worn)
 c - a +0 shield (worn)
 g - a +0 helmet (worn)
Jewellery
 u - a cursed -2 ring of intelligence (right hand)
 v - a ring of stealth (left hand)
Wands
 q - a wand of flame (11)
Scrolls
 e - 2 scrolls of remove curse {unknown}
 j - 2 scrolls of fear {unknown}
 k - 2 scrolls of teleportation {unknown}
 l - a scroll of fog {unknown}
 n - a scroll of enchant weapon {unknown}
 o - a scroll of identify {unknown}
 p - a scroll of immolation {unknown}
 t - a scroll of enchant armour {unknown}
Potions
 d - 2 potions of might
 h - a potion of degeneration
 i - a potion of ambrosia {unknown}
 m - a potion of haste {unknown}
Comestibles
 f - 12 rations


   Skills:
 - Level 3.6 Fighting
 + Level 11.9 Axes
 - Level 3.2 Armour
 - Level 3.2 Shields


You had 7 spell levels left.
You didn't know any spells.
Your spell library was empty.

Dungeon Overview and Level Annotations

Branches:
Dungeon (5/15)             Temple (1/1) D:4

Altars:
Cheibriados
Fedhas
Gozag
Hepliaklqana
Kikubaaqudgha
Makhleb
Nemelex Xobeh
Okawaru
Qazlal
Trog
Wu Jian
Xom
Yredelemnul
Zin
The Shining One

Annotations:
D:5 Eustachio


Message History

You hit the ogre. You block the ogre's attack.
You hit the ogre.
The ogre is almost dead.
You barely miss the ogre.
The ogre hits you with a +0 giant club!!
The ogre closely misses you.
Eustachio shouts!
You are too injured to fight recklessly!
You are too injured to fight recklessly!
You barely miss the ogre.
The ogre is almost dead.
Your shield and scale mail prevent you from hitting the ogre.
You block the ogre's attack.
The ogre hits you with a +0 giant club!!
* * * LOW HITPOINT WARNING * * *
Unknown command.
It was a potion of brilliance.
You feel clever all of a sudden. The ogre hits you with a +0 giant club!
You die...

#.......# #.......#
######
#.......##########.....
#......................
#.......##########.....
####......<# #.....
#.........## ###.....
#.........# ##......#
#........@#####
##..###.##
#........OO@..# #..####.#
#..........##.###.#.....#
#...........#.#.....#####
#####.#####.#....#### #.
#.#..#.# #. #....#.# #.
##...#..#
##.....ยง#######.


You could see Eustachio and 2 ogres.

Vanquished Creatures
  Sigmund (D:2)
  Menkaure (D:4)
  A phantom (D:4)
  2 orc priests (D:3)
  A bullfrog skeleton (D:3)
  2 orc wizards
  A jelly (D:5)
  An iguana (D:4)
  Ijyb (D:3)
  Natasha (thrice) (D:4)
  6 worker ants
  4 adders
  3 gnolls (D:4)
  2 oozes
  2 worms
  4 leopard geckos
  10 orcs
  2 ball pythons
  8 giant cockroaches
  12 goblins
  4 hobgoblins
  3 jackals (D:1)
  A quokka (D:4)
  9 bats
  5 frilled lizards
  8 kobolds
  A leopard gecko skeleton (D:4)
  5 rats
103 creatures vanquished.

Notes
Turn   | Place    | Note
-------+----------+-------------------------------------------
     0 | D:1      | Delamore the Hill Orc Fighter began the quest for the Orb.
     0 | D:1      | Reached XP level 1. HP: 19/19 MP: 1/1
    62 | D:1      | Reached skill level 3 in Axes
    80 | D:1      | Reached XP level 2. HP: 23/26 MP: 2/2
   160 | D:1      | Reached skill level 4 in Axes
   334 | D:1      | Reached XP level 3. HP: 27/31 MP: 3/3
   788 | D:2      | Reached skill level 5 in Axes
  1351 | D:2      | Noticed Sigmund
  1578 | D:2      | Killed Sigmund
  1578 | D:2      | Reached skill level 7 in Axes
  1578 | D:2      | Reached XP level 4. HP: 14/39 MP: 4/4
  1578 | D:2      | Reached XP level 5. HP: 16/45 MP: 5/5
  2017 | D:2      | Found a shimmering altar of Xom.
  2174 | D:3      | Reached skill level 8 in Axes
  2174 | D:3      | Reached XP level 6. HP: 29/51 MP: 6/6
  2606 | D:3      | Reached skill level 9 in Axes
  2799 | D:3      | Noticed Ijyb
  2808 | D:3      | Killed Ijyb
  3125 | D:4      | Reached XP level 7. HP: 53/57 MP: 7/7
  3179 | D:4      | Noticed Natasha
  3189 | D:4      | Killed Natasha
  3352 | D:4      | Found a blossoming altar of Fedhas.
  3352 | D:4      | Noticed Natasha
  3359 | D:4      | Killed Natasha
  3359 | D:4      | Reached skill level 10 in Axes
  3373 | D:4      | Noticed Menkaure
  3380 | D:4      | Killed Menkaure
  3662 | D:4      | Reached skill level 11 in Axes
  3950 | D:4      | Noticed Natasha
  3955 | D:4      | Killed Natasha
  4097 | D:4      | Found a staircase to the Ecumenical Temple.
  4118 | Temple   | Entered the Ecumenical Temple
  4324 | Temple   | Became a worshipper of Warmaster Okawaru
  4577 | D:4      | Reached XP level 8. HP: 60/64 MP: 8/8
  5124 | D:5      | Entered Level 5 of the Dungeon
  5168 | D:5      | Noticed Eustachio
  5235 | D:5      | Mangled by an ogre

Levels and vault maps discovered:
D:1:      dpeg_arrival_lava_temple_mockup, layout_basic
D:2:      layout_basic, nicolae_overflow_hidden_temple, uniq_sigmund
D:3:      layout_basic, uniq_ijyb
D:4:      layout_loops_corners, lemuel_round_altar, minmay_temple_entry_waves,
          first_ration, minmay_misc_feat_more_columns, uniq_menkaure,
          uniq_natasha
D:5:      layout_rooms, vehumet_crystals, uniq_eustachio
Temple:   nicolae_temple_figure_eight

Skill      XL: |  1  2  3  4  5  6  7 |
---------------+----------------------+-----
Axes           | 3 4 7 8 9 11 | 11.9
Fighting       | |  3.6
Armour         | |  3.2
Shields        | |  3.2

Action                   |  1- 3 |  4- 6 |  7- 9 || total
-------------------------+-------+-------+-------++-------
Melee: War axe           |   127 |   112 |   111 ||   350
  Use: Potion            |     1 |       |     1 ||     2
  Eat: Chunk             |     2 |     5 |     6 ||    13
Armor: Scale mail        |    69 |    50 |    31 ||   150
Dodge: Dodged            |    47 |    39 |    32 ||   118
Block: Shield            |    70 |    55 |    52 ||   177
